 Dungeon Crawl Stone Soup version 0.19.0-20-gbc5f0c6 (webtiles) character file.

3540 Gargoyl the Schismatic (level 9, 0/68 HPs)
             Began as a Demonspawn Abyssal Knight on Nov 17, 2016.
             Was an Elder of Lugonu.
             Slain by Gargoyl's ghost (9 damage)
             ... on level 8 of the Dungeon.
             The game lasted 00:19:41 (11802 turns).

Gargoyl the Schismatic (Demonspawn Abyssal Knight) Turns: 11802, Time: 00:19:41

Health: 0/68       AC: 17    Str: 16    XL:     9   Next: 82%
Magic:  15/15      EV: 16    Int: 14    God:    Lugonu [****..]
Gold:   323        SH:  4    Dex: 17    Spells: 0 memorised, 8 levels left

rFire  + . .     SeeInvis .     s - +1 war axe
rCold  + . .     Gourm    .     v - +0 chain mail
rNeg   . . .     Faith    .     z - +0 buckler
rPois  .         Spirit   .     (helmet restricted)
rElec  .         Reflect  .     q - +0 cloak
rCorr  .         Harm     .     p - +1 pair of gloves
MR     .....                    n - +2 pair of boots
Stlth  ++........               (no amulet)
                                B - ring of protection from fire
                                k - ring of protection from cold

@: agile
A: horns 1, repulsion field 2, demonic guardian 1, nightstalker 2
a: Depart the Abyss, Bend Space, Banish, Corrupt, Renounce Religion


You were on level 8 of the Dungeon.
You worshipped Lugonu.
Lugonu was greatly pleased with you.
You were hungry.

You visited 1 branch of the dungeon, and saw 8 of its levels.
You visited the Abyss 1 time.

You collected 372 gold pieces.
You spent 49 gold pieces at shops.

Inventory:

Hand Weapons
 a - a +1 hand axe
 s - a +1 war axe (weapon)
Missiles
 A - a tomahawk (quivered)
Armour
 n - a +2 pair of boots (worn)
 p - a +1 pair of gloves (worn)
 q - a +0 cloak (worn)
 v - a +0 chain mail (worn)
 z - a +0 buckler (worn)
Jewellery
 k - a ring of protection from cold (left hand)
 B - a ring of protection from fire (right hand)
 E - an uncursed ring of flight
Wands
 d - a wand of lightning (5/15)
 x - a wand of flame (5/48)
 y - a wand of disintegration (13/24)
 D - a wand of flame (25/48)
Scrolls
 f - 7 scrolls of remove curse
 u - 3 scrolls of blinking
 w - a scroll of fog
Potions
 b - a potion of brilliance {unknown}
 e - a potion of magic {unknown}
 i - 2 potions of degeneration {unknown}
 o - 4 potions of curing
 r - 2 potions of invisibility {unknown}
 t - a potion of lignification {unknown}
Comestibles
 c - 6 bread rations
 h - a fruit
 j - 2 royal jellies
 l - a beef jerky
 m - 2 slices of pizza
 C - a meat ration
 F - 3 chunks of flesh


   Skills:
 + Level 5.3 Fighting
 + Level 7.4 Axes
 * Level 7.6 Armour
 + Level 2.9 Dodging
 + Level 1.0 Shields
 * Level 8.4 Invocations


You had 8 spell levels left.
You didn't know any spells.

Dungeon Overview and Level Annotations

Branches:
Dungeon (8/15)             Temple (0/1) D:4
   Lair: D:8-11

Altars:
Ashenzari
Cheibriados
Fedhas
Gozag
Nemelex Xobeh
The Shining One

Shops:
D:6 [   D:8 (

Annotations:
D:8 Gargoyl's ghost, novice DsAK
Abyss:1 Edmund


Innate Abilities, Weirdness & Mutations

You have a pair of small horns on your head.
You are surrounded by a moderate repulsion field. (EV +3)
A weak demonic guardian rushes to your aid.
You are significantly more attuned to the shadows.


Message History

Your iron imp disappears in a puff of smoke!
Gargoyl's ghost hits you!
* * * LOW HITPOINT WARNING * * *
You feel better. Gargoyl's ghost hits you!
* * * LOW HITPOINT WARNING * * *
You feel better.
Gargoyl's ghost wails.
Gargoyl's ghost completely misses you.
Some of the chunks of flesh in your inventory have rotted away.
You feel agile all of a sudden.
Gargoyl's ghost hits you but does no damage.
You hit Gargoyl's ghost.
Gargoyl's ghost is almost destroyed.
Gargoyl's ghost hits you but does no damage.
You closely miss Gargoyl's ghost. You headbutt Gargoyl's ghost.
Gargoyl's ghost is almost destroyed.
Gargoyl's ghost hits you!
* * * LOW HITPOINT WARNING * * *
Gargoyl's ghost hits you!
You die...

.....()...######..#
......[...# #..#
.....#.##.######..#
.....#............#
.....####.######)##
..........# #.#
....####### #.#####
.#### #.#...
#####@#.#+#
#.....W.'∩+
......#.##'#
.#.##...# # #####


You could see Gargoyl's ghost.

Vanquished Creatures
  A hippogriff (D:7)
  A water moccasin (D:5)
  An orc warrior (D:7)
  2 ice beasts
  3 black bears
  A hornet zombie (D:5)
  A necrophage (D:6)
  3 centaurs
  2 ogres
  3 phantoms (D:5)
  11 killer bees
  2 jellies
  5 orc priests
  4 hounds
  9 orc wizards
  2 iguanas
  8 worker ants
  2 hound skeletons
  9 gnolls
  8 adders
  An adder zombie (D:7)
  2 adder skeletons (D:7)
  2 dart slugs (D:1)
  5 worms
  8 leopard geckos
  25 orcs
  2 ball pythons (D:4)
  7 bats
  15 giant cockroaches
  5 hobgoblins
  10 jackals
  3 quokkas
  3 frilled lizards
  7 goblins
  2 jackal skeletons (D:4)
  12 kobolds
  2 leopard gecko zombies
  4 rats
193 creatures vanquished.

Vanquished Creatures (collateral kills)
  A wyvern (D:7)
  A centaur (D:7)
  A killer bee (D:8)
  2 hounds
  An orc priest (D:8)
  An orc wizard (D:4)
  A worker ant (D:4)
  2 gnolls (D:8)
  2 adders (D:4)
  A leopard gecko (D:4)
  An orc (D:7)
14 creatures vanquished.

Vanquished Creatures (others)
  A queen bee (D:7)
  2 crimson imps (D:7)
3 creatures vanquished.

Grand Total: 210 creatures vanquished

Notes
Turn   | Place    | Note
-------+----------+-------------------------------------------
     0 | Abyss:1  | Gargoyl the Demonspawn Abyssal Knight began the quest for the Orb.
     0 | Abyss:1  | Reached XP level 1. HP: 18/18 MP: 2/2
    61 | Abyss:3  | Noticed a small abomination
    96 | Abyss:3  | Noticed a flayed ghost
    96 | Abyss:3  | Noticed a wretched star
    96 | D:1      | Escaped the Abyss
   239 | D:1      | Reached * piety under Lugonu
   337 | D:1      | Gained mutation: You have a pair of small horns on your head. [demonic ancestry]
   337 | D:1      | Reached XP level 2. HP: 13/24 MP: 3/3
   740 | D:1      | Found a glowing golden altar of the Shining One.
   838 | D:1      | Gained mutation: You are surrounded by a mild repulsion field. (EV +2) [demonic ancestry]
   838 | D:1      | Reached XP level 3. HP: 26/29 MP: 5/5
  1182 | D:2      | You fall through a shaft!
  1182 | D:3      | Found a blossoming altar of Fedhas.
  1360 | D:2      | Reached ** piety under Lugonu
  1361 | D:2      | Reached skill level 1 in Dodging
  1607 | D:2      | Reached skill level 3 in Invocations
  1669 | D:2      | Reached XP level 4. HP: 36/37 MP: 6/6
  3546 | D:4      | Found a staircase to the Ecumenical Temple.
  3556 | D:4      | Gained mutation: A weak demonic guardian rushes to your aid. [demonic ancestry]
  3556 | D:4      | Reached XP level 5. HP: 24/42 MP: 7/7
  3899 | D:4      | Reached *** piety under Lugonu
  3899 | D:4      | Reached skill level 4 in Invocations
  3976 | D:4      | Gained mutation: You are slightly more attuned to the shadows. [demonic ancestry]
  3976 | D:4      | Reached XP level 6. HP: 43/48 MP: 9/9
  4408 | D:4      | Found an opulent altar of Gozag.
  4424 | D:4      | Noticed Edmund
  5144 | D:4      | HP: 2/48 [Edmund/flail of distortion (18)]
  5147 | D:4      | Banished Edmund
  5147 | D:4      | Reached XP level 7. HP: 2/54 MP: 5/10
  5462 | D:4      | Reached skill level 5 in Invocations
  5807 | D:5      | Entered Level 5 of the Dungeon
  6004 | D:5      | Found a sparkling altar of Nemelex Xobeh.
  6232 | D:5      | Reached skill level 5 in Armour
  6337 | D:5      | Gained mutation: You are significantly more attuned to the shadows. [demonic ancestry]
  6337 | D:5      | Reached XP level 8. HP: 61/61 MP: 12/12
  6832 | D:5      | Reached skill level 6 in Invocations
  7052 | D:5      | Found a snail-covered altar of Cheibriados.
  7052 | D:5      | Found a shattered altar of Ashenzari.
  7129 | D:6      | Found a sparkling altar of Nemelex Xobeh.
  7346 | D:6      | Reached skill level 5 in Axes
  7812 | D:6      | Found Horchaan's Armour Shoppe.
  7818 | D:6      | Bought a +0 buckler for 49 gold pieces
  8677 | D:7      | Noticed a hippogriff
  8690 | D:7      | Killed a hippogriff
  8690 | D:7      | Reached **** piety under Lugonu
  8690 | D:7      | Reached skill level 5 in Fighting
  8886 | D:7      | Gained mutation: You are surrounded by a moderate repulsion field. (EV +3) [demonic ancestry]
  8886 | D:7      | Reached XP level 9. HP: 68/68 MP: 14/14
  9054 | D:7      | Reached skill level 7 in Invocations
 10163 | D:8      | Noticed Gargoyl's ghost (novice DsAK)
 10852 | D:7      | Reached skill level 1 in Shields
 11177 | D:8      | Reached skill level 8 in Invocations
 11204 | D:8      | Noticed a queen bee
 11263 | D:7      | Banished a queen bee
 11752 | D:8      | Found Qiwk's Weapon Boutique.
 11802 | D:8      | Slain by Gargoyl's ghost

Skill      XL: |  1  2  3  4  5  6  7  8  9 |
---------------+----------------------------+-----
Armour         | 2 3 4 5 6 7 |  7.6
Axes           | 2 3 4 6 7 |  7.4
Dodging        | 1 2 |  2.9
Invocations    | 3 4 5 6 8 |  8.4
Fighting       | 4 5 |  5.3
Shields        | 1 |  1.0

Action                   |  1- 3 |  4- 6 |  7- 9 || total
-------------------------+-------+-------+-------++-------
Melee: Hand axe          |    86 |   224 |    58 ||   368
       Headbutt          |    12 |    31 |    73 ||   116
       War axe           |       |       |   482 ||   482
Throw: Tomahawk          |       |     2 |     1 ||     3
Invok: Depart the Abyss  |     1 |       |       ||     1
       Banish            |       |     1 |     5 ||     6
Evoke: Wand              |       |     3 |       ||     3
  Use: Scroll            |       |     9 |     7 ||    16
       Potion            |       |     3 |     4 ||     7
 Stab: Distracted        |       |     1 |     2 ||     3
       Sleeping          |       |       |     1 ||     1
  Eat: Chunk             |     2 |    11 |    19 ||    32
       Bread ration      |       |       |     1 ||     1
Armor: Leather armour    |    36 |    15 |       ||    51
       Ring mail         |       |    69 |    24 ||    93
       Chain mail        |       |       |   396 ||   396
Dodge: Dodged            |    93 |   182 |   329 ||   604
Block: Buckler           |       |       |    97 ||    97
